 Dungeon Crawl Stone Soup version 0.21-a0-442-g848f44b (webtiles) character file.

100 theanonym the Poker (level 4, -10/35 HPs)
             Began as a Demonspawn Fighter on Nov 12, 2017.
             Mangled by darxusza's ghost (18 damage)
             ... on level 3 of the Dungeon.
             The game lasted 00:02:38 (1789 turns).

theanonym the Poker (Demonspawn Fighter)            Turns: 1789, Time: 00:02:39

Health: -10/35     AC:  6    Str: 17    XL:     4   Next: 47%
Magic:  0/4        EV:  6    Int: 10    God:
Gold:   41         SH:  8    Dex: 12    Spells: 3/3 levels left

rFire    . . .     SeeInvis .   a - +0 trident
rCold    . . .     Gourm    .   c - +0 shield
rNeg     . . .     Faith    .   b - +0 scale mail
rPois    .         Spirit   +   (no helmet)
rElec    .         Reflect  .   (no cloak)
rCorr    .         Harm     .   (no gloves)
MR       .....                  (no boots)
Stlth    ..........             (no amulet)
HPRegen  0.11/turn              (no ring)
MPRegen  0.09/turn              (no ring)

@: no status effects
A: talons 1, magic shield
a: no special abilities


Innate Abilities, Weirdness & Mutations

You have sharp toenails.
When hurt, damage is shared between your health and your magic reserves.


   Skills:
 - Level 3.1 Fighting
 + Level 3.9 Polearms
 - Level 2.9 Armour
 - Level 2.9 Shields


You had 3 spell levels left.
You didn't know any spells.

Skill      XL: |  1  2  3 |
---------------+----------+-----
Polearms       | 2 3 |  3.9
Fighting       | |  3.1
Armour         | |  2.9
Shields        | |  2.9

Action                   |  1- 3 |  4- 6 || total
-------------------------+-------+-------++-------
Melee: Trident           |   121 |    38 ||   159
       Kick              |    13 |     5 ||    18
  Eat: Chunk             |     2 |     1 ||     3
Armor: Scale mail        |    36 |    10 ||    46
Dodge: Dodged            |    21 |     7 ||    28
Block: Shield            |    40 |    21 ||    61

Inventory:

Hand Weapons
 a - a +0 trident (weapon)
Armour
 b - a +0 scale mail (worn)
 c - a +0 shield (worn)
Scrolls
 h - 2 scrolls of enchant armour {unknown}
 i - 4 scrolls of fear {unknown}
 l - a scroll of enchant weapon {unknown}
 n - 2 scrolls of recharging {unknown}
Potions
 d - a potion of might
 e - a potion of heal wounds {unknown}
 j - a potion of berserk rage {unknown}
 k - a potion of flight {unknown}
 m - a potion of curing {unknown}
 o - a potion of invisibility {unknown}
 p - a potion of mutation {unknown}
Comestibles
 f - a bread ration
 g - 5 chunks of flesh
 q - a royal jelly
 r - 2 fruits

Dungeon Overview and Level Annotations

Branches:
Dungeon (3/15)

Altars:

Annotations:
D:3 darxusza's ghost, amateur DrCK


You were on level 3 of the Dungeon.
You were not hungry.

You visited 1 branch of the dungeon, and saw 3 of its levels.

You collected 41 gold pieces.


Message History

Your shield and scale mail prevent you from hitting the jackal.
Your kick misses the jackal. You block the jackal's attack.
The jackal bites you but does no damage.
You hit the jackal.
You kill the jackal!
All of the chunks of flesh in your inventory have rotted away.
Items here: ( ) †††† You butcher the jackal corpse.
g - 3 chunks of flesh You butcher the jackal corpse.
g - 4 chunks of flesh (gained 1)
You butcher the jackal corpse.
g - 5 chunks of flesh (gained 1)
Items here: ( ) ÷÷ † a dagger; 2 stones; a kobold corpse; a jackal skeleton x2
Items here: ( ) ÷÷ † a dagger; 2 stones; a kobold corpse; a jackal skeleton x2
Found 4 large rocks and 23 stones.
You open the door.
There is an open door here.
A kobold comes into view. It is wielding a dagger.
The kobold shouts!
You see here 4 large rocks.
A kobold is nearby!
An adder comes into view.
Darxusza's ghost (amateur Draconian Chaos Knight) comes into view.
It is wielding a weapon of chaos.
Darxusza's ghost moves out of view.
You see here 14 gold pieces.
Attack whom?
Aim: a kobold, wielding a dagger You reach to attack!
You hit the kobold. The kobold hits you with a dagger.
A goblin comes into view. It is wielding a dagger.
You take 1 damage, and have 34/35 hp.
You now have 3/4 mp.
The goblin shouts!
You puncture the kobold!
You kill the kobold!
A rat comes into view.
Attack whom?
Aim: an adder You reach to attack!
Your shield and scale mail prevent you from hitting the adder.
You block the adder's attack.
You hit the adder. You block the adder's attack.
Health restored: 35 The adder bites you but does no damage.
You see here 4 large rocks.
The adder barely misses you.
MP restored: 4 The rat twitches its whiskers.
You block the adder's attack.
Your shield and scale mail prevent you from hitting the adder.
The adder bites you but does no damage. You block the adder's attack.
You block the adder's attack.
There is a stone staircase leading up here.
You puncture the adder!
You kill the adder!
You climb upwards.
There is a stone staircase leading down here.
There is an open door, spattered with blood here.
You see here a kobold skeleton.
There is an open door here.
There is a stone staircase leading down here.
You climb downwards.
Level annotation: darxusza's ghost, amateur DrCK
There is a stone staircase leading up here.
The rat is too close now for your liking.
A rat is nearby!
You hit the rat.
You kill the rat!
Okay, then.
Attack whom?
Aim: darxusza's ghost, wielding a weapon of chaos You reach to attack!
You hit darxusza's ghost but do no damage.
Darxusza's ghost barely misses you.
Unknown command.
You miss darxusza's ghost. Your kick misses darxusza's ghost.
Darxusza's ghost hits you.
You take 4 damage, and have 31/35 hp.
You now have 3/4 mp.
You miss darxusza's ghost. Your kick misses darxusza's ghost.
Darxusza's ghost hits you.
You take 2 damage, and have 29/35 hp.
You now have 2/4 mp.
You closely miss darxusza's ghost. Your kick misses darxusza's ghost.
Darxusza's ghost hits you. Darxusza's ghost burns you.
You take 6 damage, and have 23/35 hp.
Your shield and scale mail prevent you from hitting darxusza's ghost.
Your kick misses darxusza's ghost. Darxusza's ghost hits you.
You take 4 damage, and have 19/35 hp.
You miss darxusza's ghost. Darxusza's ghost hits you!
* * * LOW MAGIC WARNING * * *;
* * * LOW HITPOINT WARNING * * *
Darxusza's ghost burns you.
* * * LOW MAGIC WARNING * * *;
* * * LOW HITPOINT WARNING * * *
You block darxusza's ghost's attack.
You take 12 damage, and have 7/35 hp.
MASSIVE DAMAGE!!
You now have 0/4 mp.
Darxusza's ghost shrieks, "To die, to sleep, no more."
There is a stone staircase leading up here.
Darxusza's ghost hits you!!
* * * LOW MAGIC WARNING * * *
Ouch! That really hurt!
You die...

## ..# #.# . ... ..
###.# # ... ...# .#..#
#.#####....# .
#.......##..# ..
#.#.W@....... # ...
#.#####.###.. #.#
....#######.###.....
.. ..............(.#
####.##
................#
#.....#
......)$.(......# #)##
................###W<#
.....................#
....#######+#'#.####.#


You could see darxusza's ghost.

Notes
Turn   | Place    | Note
-------+----------+-------------------------------------------
     0 | D:1      | theanonym the Demonspawn Fighter began the quest for the Orb.
     0 | D:1      | Reached XP level 1. HP: 18/18 MP: 1/1
   161 | D:1      | Reached skill level 2 in Polearms
   161 | D:1      | Gained mutation: You have sharp toenails. [demonic ancestry]
   161 | D:1      | Reached XP level 2. HP: 24/24 MP: 2/2
   572 | D:2      | HP: 8/24 [worm (8)]
   803 | D:2      | Reached XP level 3. HP: 28/29 MP: 3/3
  1011 | D:2      | Reached skill level 3 in Polearms
  1404 | D:2      | Gained mutation: When hurt, damage is shared between your health and your magic reserves. [demonic ancestry]
  1404 | D:2      | Reached XP level 4. HP: 32/35 MP: 4/4
  1719 | D:3      | Noticed darxusza's ghost (amateur DrCK)
  1781 | D:3      | HP: 10/35 [darxusza's ghost (9)]
  1789 | D:3      | Mangled by darxusza's ghost

Vanquished Creatures
  3 adders
  An ooze (D:2)
  3 worms (D:2)
  4 dart slugs
  2 leopard geckos
  9 bats
  A giant cockroach (D:2)
  2 hobgoblins
  4 jackals (D:3)
  10 kobolds
  A quokka (D:2)
  A frilled lizard (D:1)
  4 goblins
  8 rats
53 creatures vanquished.
